 Dungeon Crawl Stone Soup version 0.32-a0-450-g080537f31e (webtiles) character file.

Game seed: 6821039672869352291

6725 CougarLife the Geomancer (level 11, -1/54 HPs)
             Began as a Gargoyle Earth Elementalist on Feb 24, 2024.
             Was a Priest of Vehumet.
             Slain by a yak (13 damage)
             ... on level 10 of the Dungeon.
             The game lasted 00:14:00 (9544 turns).

CougarLife the Geomancer (GrEE)                     Turns: 9544, Time: 00:14:01

Health: -1/54      AC: 20    Str: 12    XL:     11   Next: 4%
Magic:  2/24       EV: 11    Int: 20    God:    Vehumet [***...]
Gold:   618        SH:  0    Dex: 10    Spells: 24/28 levels left

rFire   . . .        p - +2 dagger (protect)
rCold   . . .        (no shield)
rNeg    + + .        a - +0 robe
rPois   ∞            (no helmet)
rElec   +            f - +0 cloak
rCorr   .            F - +0 pair of gloves
SInv    .            u - +0 pair of boots
Will    .....        e - amulet of regeneration
Stlth   ++           C - ring of positive energy
HPRegen 1.09/turn    (no ring)
MPRegen 0.19/turn

%: no passive effects
@: under a protective aura
A: sickness immunity, AC +8, negative energy resistance 1, electricity
resistance, torment resistance 1, petrification resistance
a: Renounce Religion


You were on level 10 of the Dungeon.
You worshipped Vehumet.
Vehumet was most pleased with you.
You visited 2 branches of the dungeon, and saw 11 of its levels.

You collected 618 gold pieces.

Inventory:

Hand Weapons
 p - a +2 dagger of protection (weapon)
Missiles
 v - 3 throwing nets
Armour
 a - a +0 robe (worn)
 f - a +0 cloak (worn)
 u - a +0 pair of boots (worn)
 F - a +0 pair of gloves (worn)
Jewellery
 c - a ring of positive energy
 e - an amulet of regeneration (around neck)
 C - a ring of positive energy (left hand)
Wands
 o - a wand of digging (5)
Scrolls
 g - 2 scrolls of immolation
 i - 2 scrolls of teleportation
 j - 2 scrolls of vulnerability
 l - 4 scrolls of silence
 m - a scroll of fear
 q - 5 scrolls of fog
 r - a scroll of noise
 w - 2 scrolls of enchant armour
 y - a scroll of poison
 z - a scroll of enchant weapon
 G - a scroll of summoning {unknown}
Potions
 b - a potion of magic
 d - 4 potions of heal wounds {unknown}
 h - 2 potions of lignification {unknown}
 k - 7 potions of curing
 n - 3 potions of degeneration {unknown}
 s - 2 potions of cancellation {unknown}
 t - 2 potions of mutation {unknown}
 x - 2 potions of haste {unknown}
 A - a potion of attraction {unknown}
 B - a potion of enlightenment {unknown}
 E - a potion of brilliance {unknown}


   Skills:
 - Level 1.5 Dodging
 - Level 2.1 Stealth
 + Level 9.0 Spellcasting
 + Level 10.3 Conjurations
 * Level 1.7 Ice Magic
 * Level 1.4 Air Magic
 - Level 11.6 Earth Magic


You had 24 spell levels left.
You knew the following spells:

 Your Spells              Type           Power      Damage    Failure   Level
a - Sandblast             Erth           100%       2d20      1%          1
b - Stone Arrow           Conj/Erth      100%       3d13      1%          3

Your spell library contained the following spells:

 Spells                   Type           Power      Damage    Failure   Level
 Sticky Flame             Fire/Alch      9%         2d5       19%         4
 Sting                    Conj/Alch      100%       1d9       1%          1
 Momentum Strike          Conj/Tloc      58%        3d9       1%          2
 Passwall                 Erth           53%        N/A       1%          3
 Brom's Barrelling Bould  Conj/Erth      52%        2d7       1%          4
 Mercury Vapours          Alch/Air       22%        N/A       2%          2
 Animate Armour           Summ/Erth      64%        N/A       7%          4
 Petrify                  Alch/Erth      32%        N/A       7%          4
 Apportation              Tloc           18%        N/A       8%          1
 Blink                    Tloc           18%        N/A       12%         2
 Jinxbite                 Hex            18%        N/A       12%         2
 Lesser Beckoning         Tloc           18%        N/A       12%         2
 Olgreb's Toxic Radiance  Alch           9%         N/A       19%         4
 Call Canine Familiar     Summ           9%         N/A       22%         3
 Sigil of Binding         Hex            9%         N/A       22%         3
 Dimensional Bullseye     Hex/Tloc       4%         N/A       58%         4
 Lehudib's Crystal Spear  Conj/Erth      26%        10d7      77%         8
 Alistair's Intoxication  Alch           6%         N/A       91%         5


Dungeon Overview and Level Annotations

Branches:
Dungeon (10/15)            Temple (1/1) D:7             Orc (0/2) D:9
   Lair: D:8-11

Altars:
Ashenzari
Cheibriados
Dithmenos
Elyvilon
Fedhas
Hepliaklqana
Kikubaaqudgha
Makhleb
Nemelex Xobeh
Okawaru
Qazlal
Ru
Sif Muna
Trog
Uskayaw
Vehumet
Wu Jian
Yredelemnul
Zin
The Shining One

Shops:
D:7 =   D:8 :

Annotations:
D:5 2 transporters, DiddlyDoom's ghost, amateur MDBe


Innate Abilities, Weirdness & Mutations

You are immune to sickness and miasma.
Your stone body is resilient. (AC +8)
You are immune to poison.
You resist negative energy. (rN+)
You are resistant to electric shocks. (rElec)
You are resistant to unholy torment.
You are immune to petrification.


Message History

The blast of sand misses the yak. x2; The yak gores you. x2
You hit the yak.
Your weapon exudes an aura of protection.
The yak is heavily wounded.
The yak gores you.
* * * LOW HITPOINT WARNING * * *
Casting: Sandblast (safe; 1% risk of failure)
Confirm with . or Enter, or press ? or * to list all spells.
Aiming: Sandblast (safe; 1% risk of failure)
Press: ? - help, Shift-Dir - straight line, f/p - yak
Aim: a yak (heavily wounded, 91% to hit)
The blast of sand hits the yak!
The yak is almost dead.
The yak barely misses you.
Casting: Sandblast (safe; 1% risk of failure)
Confirm with . or Enter, or press ? or * to list all spells.
Aiming: Stone Arrow (safe; 1% risk of failure)
Press: ? - help, Shift-Dir - straight line, f/p - yak
Aim: a yak (almost dead, 87% to hit)
The stone arrow hits the yak!!
You kill the yak!
Vehumet accepts your kill.
You feel your power returning.
Casting: Stone Arrow (safe; 1% risk of failure)
Confirm with . or Enter, or press ? or * to list all spells.
Aiming: Stone Arrow (safe; 1% risk of failure)
Press: ? - help, Shift-Dir - straight line, f - yak
Aim: a yak (87% to hit)
The stone arrow hits the yak!
The yak is moderately wounded.
The yak gores you!
* * * LOW HITPOINT WARNING * * *
A troll comes into view.
The troll shouts!
The troll moves out of view.
You hit the yak.
Your weapon exudes an aura of protection.
The yak is moderately wounded.
The yak gores you!
You die...

**** *,* ###.###.####<#######*
,***** *,* *.......####.#######*
,**,,****,* *#..,.....##.######.,
,,,,,,,,,.####..###.#.#.....###.*
,,,,,,,,,..........$.......>....,
**,,,***,........##.............*
,,,,,,,,,......#.##.#.##..?.....,
,**,,,,,,,**,#......#.#####.###.,
,,,<,,,,,......#@##.#.#####.###.*
,,,,,,,,,.##.#.#Y##.#.# *..,,,*
,***,*,,,,*#,#.#.####.#****,##*,*
,* *,*,..,*#.#.#)# #.#*,,,,,,,,*
,* ***,....#.#.#†#######***,***,*
,* *,**#..............,**,***,*
,*****+**##.##..........,**,,,,,,
,,,,,,,,,**,*#..........,**,***,*
,,,,,,,,,+,,,#..........,**,* *,*


You could see a yak.

Vanquished Creatures
  A two-headed ogre (D:9)
  3 polar bears (D:9)
  8 yaks
  A wraith (D:9)
  A warg (D:9)
  3 ice beasts (D:9)
  3 orc warriors (D:9)
  3 black bears
  2 ogres
  A wolf (D:9)
  A phantom (D:4)
  6 kobold brigands
  6 bullfrogs
  5 scorpions
  7 wights (D:9)
  A howler monkey (D:4)
  An electric eel (D:9)
  2 bombardier beetles
  A jelly (D:7)
  3 hounds
  Crazy Yiuf (D:7)
  10 orc priests
  2 gnoll boudas
  2 sleepcaps
  4 iguanas
  12 orc wizards
  A killer bee simulacrum (D:9)
  10 gnolls
  8 adders
  4 shadow imps
  6 white imps
  A howler monkey simulacrum (D:9)
  6 ufetubi
  A ribbon worm (D:2)
  31 orcs
  10 endoplasms
  6 giant cockroaches
  3 hobgoblins (D:4)
  17 jackals
  18 kobolds
  A quokka (D:2)
  8 ball pythons
  8 bats
  5 frilled lizards
  7 goblins
  8 rats
249 creatures vanquished.

Notes
Turn   | Place    | Note
-------+----------+-------------------------------------------
     0 | D:1      | CougarLife the Gargoyle Earth Elementalist began the quest
                  | for the Orb.
     0 | D:1      | Reached XP level 1. HP: 10/10 MP: 3/3
   266 | D:1      | Reached XP level 2. HP: 15/15 MP: 3/5
   597 | D:1      | Reached skill level 4 in Earth Magic
   845 | D:1      | Reached XP level 3. HP: 19/19 MP: 3/6
  1192 | D:2      | Noticed a scorpion
  1209 | D:2      | Killed a scorpion
  1210 | D:2      | Reached XP level 4. HP: 24/24 MP: 2/8
  1215 | D:2      | Learned a level 3 spell: Stone Arrow
  1495 | D:2      | Found a radiant altar of Vehumet.
  1683 | D:2      | Found a faded altar of an unknown god.
  1730 | D:2      | Reached XP level 5. HP: 28/28 MP: 4/9
  1905 | D:3      | Reached skill level 5 in Earth Magic
  2758 | D:4      | Noticed a phantom
  2765 | D:4      | Killed a phantom
  2766 | D:4      | Reached XP level 6. HP: 30/32 MP: 5/11
  3051 | D:4      | Noticed a black bear
  3057 | D:4      | Killed a black bear
  3058 | D:4      | Reached skill level 6 in Earth Magic
  3058 | D:4      | Reached XP level 7. HP: 36/36 MP: 3/13
  3261 | D:4      | Found a blossoming altar of Fedhas.
  3261 | D:4      | Found a hazy altar of Hepliaklqana.
  3263 | D:4      | Found an ornate altar of the Wu Jian Council.
  3273 | D:4      | Found a radiant altar of Vehumet.
  3296 | D:4      | Became a worshipper of Vehumet
  3766 | D:5      | Entered Level 5 of the Dungeon
  3821 | D:5      | Reached skill level 5 in Conjurations
  4038 | D:5      | Reached skill level 5 in Spellcasting
  4043 | D:5      | Reached skill level 7 in Earth Magic
  4043 | D:5      | Reached XP level 8. HP: 34/41 MP: 1/15
  4192 | D:5      | Found an ancient bone altar of Kikubaaqudgha.
  4258 | D:5      | Noticed DiddlyDoom's ghost (amateur MDBe)
  4274 | D:5      | Found a transporter.
  4290 | D:5      | Found a transporter.
  4459 | D:5      | Found the Hermit's Pendant {Faith Invo=14 Evo=0 MP+5}
  4757 | D:5      | Reached * piety under Vehumet
  4757 | D:5      | Offered knowledge of Magic Dart by Vehumet.
  5115 | D:6      | Reached skill level 8 in Earth Magic
  5718 | D:7      | Found a glowing silver altar of Zin.
  5784 | D:7      | Found Huzxucrem's Jewellery Emporium.
  5888 | D:7      | Found a staircase to the Ecumenical Temple.
  5921 | Temple   | Entered the Ecumenical Temple
  6010 | D:7      | Reached XP level 9. HP: 45/45 MP: 15/18
  6140 | D:7      | Found a runed translucent door.
  6141 | D:7      | Noticed Crazy Yiuf
  6401 | D:7      | Reached ** piety under Vehumet
  6401 | D:7      | Offered knowledge of Momentum Strike by Vehumet.
  6555 | D:7      | Killed Crazy Yiuf
  6650 | D:8      | Reached skill level 9 in Earth Magic
  6888 | D:8      | Found Ygeim's Book Emporium.
  7788 | D:9      | Noticed a polar bear
  7804 | D:9      | Reached skill level 10 in Earth Magic
  7996 | D:9      | Found a staircase to the Orcish Mines.
  8094 | D:9      | Offered knowledge of Scorch by Vehumet.
  8095 | D:9      | Reached XP level 10. HP: 50/50 MP: 12/21
  8341 | D:9      | Noticed a tengu warrior
  8345 | D:9      | Noticed a centaur warrior
  8349 | D:9      | Reached *** piety under Vehumet
  8418 | D:9      | Noticed a skeletal warrior
  8418 | D:9      | Noticed a manticore
  8431 | D:9      | Noticed a skeletal warrior
  8686 | D:9      | Noticed a two-headed ogre
  8689 | D:9      | Killed a two-headed ogre
  8690 | D:9      | Reached skill level 11 in Earth Magic
  8964 | D:9      | Reached skill level 10 in Conjurations
  8967 | D:9      | Offered knowledge of Sticky Flame by Vehumet.
  9478 | D:10     | Entered Level 10 of the Dungeon
  9530 | D:10     | Reached skill level 1 in Ice Magic
  9534 | D:10     | Reached skill level 1 in Air Magic
  9534 | D:10     | Reached XP level 11. HP: 27/54 MP: 9/24
  9544 | D:10     | Slain by a yak

Illustrated notes

Levels and vault maps discovered:
D:1:      evilmike_arrival_crescent, layout_basic
D:2:      layout_rooms, shapermc_ecumenical_altar_petra, basic_altar,
          st_stairs_1, dk_noncrumbling_2, dk_vineyard_3
D:3:      layout_basic
D:4:      layout_basic, nicolae_overflow_quartered_altars, minivault_19
D:5:      layout_loops_ring, nicolae_kikubaaqudgha_miasma_corner,
          gammafunk_ghost_stat_death, minmay_fractal_squares_gapless_5
D:6:      layout_basic
D:7:      layout_basic, mainiacjoe_overflow_six_doors_small,
          minmay_temple_entry_proselytizer, serial_shops, nicolae_diamond_shop,
          kennysheep_generic_room_16, uniq_crazy_yiuf_cottage
D:8:      layout_loops_corners, serial_shops, nicolae_book_shop_shelving,
          minmay_fountain_box
D:9:      layout_stronghold, erik_orc_3, serial_ice, serial_ice_d, serial_ice_i,
          serial_ice_o, serial_ice_n, serial_ice_b, serial_ice_e, serial_ice_m,
          serial_ice_h, serial_ice_a, serial_ice_g,
          onia_ninara_dug_in_and_dangerous
D:10:     layout_basic, mainiacjoe_overflow_big_doors, enter_bailey_3
Temple:   nicolae_temple_ecumenical_triangle

Skill      XL: |  1  2  3  4  5  6  7  8  9 10 |
---------------+-------------------------------+-----
Earth Magic    | 4 5 6 7 8 10 11 | 11.6
Conjurations   | 2 3 4 5 7 8 10 | 10.3
Spellcasting   | 3 4 5 6 7 9 |  9.0
Ice Magic      | 1 |  1.7
Air Magic      | 1 |  1.4
Dodging        | |  1.5
Stealth        | |  2.1

Action                     |  1- 3 |  4- 6 |  7- 9 | 10-12 || total
---------------------------+-------+-------+-------+-------++-------
  Melee: Unarmed           |     1 |       |       |       ||     1
         Dagger            |     8 |       |    34 |     9 ||    51
   Cast: Sandblast         |    43 |    79 |   215 |    74 ||   411
         Stone Arrow       |       |       |    22 |    39 ||    61
    Use: Scroll            |       |       |       |    13 ||    13
   Stab: Sleeping          |     1 |       |       |       ||     1
 Armour: Robe              |    12 |    18 |   127 |    82 ||   239
  Dodge: Dodged            |    18 |    17 |   132 |    45 ||   212

Table legend: (Time is in decaauts)
 A = Elapsed time spent in this place.
 B = Non-inter-level travel time spent in this place.
 C = Inter-level travel time spent in this place.
 D = Time resting spent in this place.
 E = Time spent auto-exploring this place.
 F = Levels seen in this place.
 G = Mean time per level.
                   A        B        C        D        E       F      G
               +--------+--------+--------+--------+--------+-----+--------+
         Total |   9751 |   9429 |    322 |   1131 |   6608 |  11 |  886.5 |
       Dungeon |   9749 |   9427 |    322 |   1131 |   6608 |  10 |  974.9 |
        Temple |      1 |      1 |      0 |      0 |      0 |   1 |    1.0 |
               +--------+--------+--------+--------+--------+-----+--------+

Top non-repeatable levels by time:
     D:9: 2067 daAuts
     D:5: 1187 daAuts
     D:1: 1087 daAuts
     D:4: 1051 daAuts
     D:3: 929 daAuts
     D:7: 912 daAuts
     D:8: 865 daAuts
     D:6: 809 daAuts
     D:2: 769 daAuts
    D:10: 69 daAuts
  Temple: 1 daAuts
